[ AOE2 MATCH · #508226674 ]
UnrankedCumans vs Teutons
Player's team · LOSS
Rival team · WIN
[ REPLAY ANALYSIS · EXTRACTED FROM THE RECORDED GAME ]
Feudal
8:54
Castle
—
Imperial
—
| APM avg | 53.1 |
| APM peak | 102 |
| eAPM avg | 21.8 |
| Villagers / military | 75 / 0 |
Focus
⚔️ 12.6% · 🌾 87.4%
Feudal
8:25
Castle
—
Imperial
—
| APM avg | 102.7 |
| APM peak | 132 |
| eAPM avg | 54.9 |
| Villagers / military | 47 / 22 |
Focus
⚔️ 64.2% · 🌾 35.8%
Skirmisher ×16 · Spearman ×5 · Archer ×1
Match map
Initial resources + every placement click. Lines = walls · curves = elevation contours. ◆ gold · ⬟ stone · ● berries · ✦ relic · ◌ wall gap
Your base· Open — unwalled flank
菜鸟杀手's base· Open — unwalled flank
Smoothed initial terrain · ◌ = detected wall gap · hover for details
Inputs per minute
— RiseoftheRuben - - 菜鸟杀手
Build order — RiseoftheRuben
136 actions detected in the replay
| 0:01 | Queue | Villager (Male) |
| 0:01 | Queue | Villager (Male) |
| 0:02 | Build | House |
| 0:03 | Build | House |
| 0:23 | Queue | Villager (Male) |
| 0:23 | Queue | Villager (Male) |
| 0:24 | Queue | Villager (Male) |
| 1:25 | Queue | Villager (Male) |
| 1:25 | Queue | Villager (Male) |
| 1:56 | Build | Lumber Camp |
| 1:58 | Queue | Villager (Male) |
| 1:58 | Queue | Villager (Male) |
| 2:29 | Queue | Villager (Male) |
| 2:29 | Queue | Villager (Male) |
| 2:54 | Queue | Villager (Male) |
| 2:54 | Queue | Villager (Male) |
| 3:00 | Build | House |
| 3:02 | Queue | Villager (Male) |
| 3:02 | Queue | Villager (Male) |
| 3:43 | Queue | Villager (Male) |
| 3:43 | Queue | Villager (Male) |
| 4:08 | Queue | Villager (Male) |
| 4:08 | Queue | Villager (Male) |
| 4:21 | Queue | Villager (Male) |
| 4:21 | Queue | Villager (Male) |
| 4:50 | Queue | Villager (Male) |
| 5:11 | Queue | Villager (Male) |
| 5:13 | Build | Mill |
| 5:32 | Queue | Villager (Male) |
| 5:42 | Research | Loom |
| 6:44 | Research | Feudal Age |
| 6:44 | Research | Feudal Age |
| 6:58 | Build | House |
| 7:50 | Queue | Villager (Male) |
| 7:50 | Queue | Villager (Male) |
| 8:54 | Build | Barracks |
| 8:54 | Age | Feudal Age |
| 9:01 | Build | Town Center |
| 9:09 | Queue | Villager (Male) |
| 9:10 | Queue | Villager (Male) |
| 9:36 | Build | Palisade Wall |
| 9:49 | Queue | Villager (Male) |
| 9:50 | Queue | Villager (Male) |
| 10:15 | Queue | Villager (Male) |
| 10:15 | Queue | Villager (Male) |
| 11:00 | Build | Palisade Wall |
| 11:05 | Build | Palisade Wall |
| 11:07 | Build | Palisade Wall |
| 11:07 | Build | Palisade Wall |
| 11:12 | Build | Palisade Wall |
| 11:23 | Queue | Villager (Male) |
| 11:23 | Queue | Villager (Male) |
| 11:46 | Queue | Villager (Male) |
| 11:46 | Queue | Villager (Male) |
| 12:02 | Queue | Villager (Male) |
| 12:03 | Queue | Villager (Male) |
| 12:12 | Queue | Villager (Male) |
| 12:12 | Queue | Villager (Male) |
| 12:18 | Build | House |
| 12:40 | Queue | Villager (Male) |
| 12:51 | Build | Palisade Wall |
| 12:54 | Queue | Villager (Male) |
| 13:10 | Queue | Villager (Male) |
| 13:23 | Queue | Villager (Male) |
| 13:25 | Queue | Villager (Male) |
| 13:42 | Build | Watch Tower |
| 13:46 | Queue | Villager (Male) |
| 13:46 | Queue | Villager (Male) |
| 13:49 | Build | House |
| 13:49 | Build | House |
| 14:26 | Queue | Villager (Male) |
| 14:29 | Queue | Villager (Male) |
| 14:54 | Queue | Villager (Male) |
| 14:55 | Queue | Villager (Male) |
| 15:06 | Queue | Villager (Male) |
| 15:24 | Build | Farm |
| 15:26 | Build | Farm |
| 15:27 | Build | Farm |
| 15:29 | Queue | Villager (Male) |
| 15:46 | Build | Farm |
| 15:47 | Build | Farm |
| 16:16 | Build | Farm |
| 16:17 | Queue | Villager (Male) |
| 16:49 | Build | Lumber Camp |
| 16:53 | Build | Palisade Wall |
| 17:13 | Queue | Villager (Male) |
| 17:40 | Queue | Villager (Male) |
| 17:50 | Build | Lumber Camp |
| 17:55 | Queue | Villager (Male) |
| 18:08 | Build | House |
| 18:14 | Build | House |
| 18:25 | Build | House |
| 18:40 | Build | Palisade Wall |
| 18:54 | Queue | Villager (Male) |
| 18:54 | Queue | Villager (Male) |
| 19:01 | Queue | Villager (Male) |
| 19:02 | Queue | Villager (Male) |
| 19:11 | Build | Watch Tower |
| 19:13 | Queue | Villager (Male) |
| 19:14 | Queue | Villager (Male) |
| 19:27 | Build | Farm |
| 19:27 | Build | Farm |
| 19:27 | Build | Farm |
| 19:28 | Build | Farm |
| 19:28 | Build | Farm |
| 19:28 | Build | Farm |
| 19:28 | Build | Farm |
| 19:29 | Build | Farm |
| 19:32 | Build | House |
| 19:35 | Queue | Villager (Male) |
| 19:36 | Queue | Villager (Male) |
| 19:37 | Build | Farm |
| 20:23 | Queue | Villager (Male) |
| 20:30 | Build | Lumber Camp |
| 20:34 | Queue | Villager (Male) |
| 20:34 | Queue | Villager (Male) |
| 21:02 | Queue | Villager (Male) |
| 21:02 | Queue | Villager (Male) |
| 21:06 | Build | Farm |
| 21:43 | Build | House |
| 22:01 | Queue | Villager (Male) |
| 22:06 | Queue | Villager (Male) |
| 22:21 | Queue | Villager (Male) |
| 22:24 | Build | Farm |
| 22:25 | Build | Farm |
| 22:27 | Build | Blacksmith |
| 22:29 | Research | Town Watch |
| 22:30 | Research | Wheelbarrow |
| 22:39 | Queue | Villager (Male) |
| 22:42 | Build | House |
| 22:46 | Build | Farm |
| 22:46 | Build | Farm |
| 22:49 | Queue | Villager (Male) |
| 22:57 | Build | Stable |
| 23:02 | Build | House |
| 23:02 | Build | House |
Build order — 菜鸟杀手
First 150 of 168 actions detected
| 0:00 | Queue | Villager (Male) |
| 0:00 | Queue | Villager (Male) |
| 0:01 | Queue | Villager (Male) |
| 0:02 | Build | House |
| 0:04 | Build | House |
| 0:22 | Queue | Villager (Male) |
| 1:34 | Queue | Villager (Male) |
| 1:40 | Queue | Villager (Male) |
| 2:16 | Queue | Villager (Male) |
| 2:23 | Queue | Villager (Male) |
| 2:34 | Build | Lumber Camp |
| 2:53 | Queue | Villager (Male) |
| 3:04 | Queue | Villager (Male) |
| 3:34 | Build | House |
| 3:36 | Queue | Villager (Male) |
| 3:43 | Queue | Villager (Male) |
| 4:55 | Queue | Villager (Male) |
| 4:57 | Build | Mill |
| 5:11 | Queue | Villager (Male) |
| 5:49 | Research | Loom |
| 5:58 | Build | House |
| 6:02 | Build | House |
| 6:15 | Research | Feudal Age |
| 7:29 | Queue | Villager (Male) |
| 7:52 | Build | Barracks |
| 8:17 | Queue | Villager (Male) |
| 8:25 | Age | Feudal Age |
| 8:29 | Build | Watch Tower |
| 8:38 | Queue | Spearman |
| 8:40 | Research | Double-Bit Axe |
| 8:45 | Build | Palisade Wall |
| 8:46 | Build | Palisade Wall |
| 8:47 | Build | Palisade Wall |
| 8:48 | Build | Palisade Wall |
| 8:51 | Build | House |
| 8:54 | Queue | Villager (Male) |
| 9:20 | Build | Palisade Wall |
| 9:20 | Build | Palisade Wall |
| 9:21 | Build | Palisade Wall |
| 9:26 | Build | Palisade Wall |
| 9:30 | Queue | Villager (Male) |
| 9:55 | Queue | Villager (Male) |
| 9:58 | Build | Palisade Wall |
| 10:00 | Build | Palisade Wall |
| 10:02 | Build | Palisade Wall |
| 10:14 | Build | Farm |
| 10:26 | Build | Archery Range |
| 10:31 | Queue | Villager (Male) |
| 10:41 | Queue | Villager (Male) |
| 10:42 | Build | Farm |
| 11:01 | Queue | Skirmisher |
| 11:05 | Queue | Villager (Male) |
| 11:20 | Queue | Skirmisher |
| 11:22 | Queue | Villager (Male) |
| 11:34 | Queue | Skirmisher |
| 11:39 | Build | Mining Camp |
| 12:07 | Research | Town Watch |
| 12:11 | Build | House |
| 12:16 | Build | House |
| 12:26 | Queue | Skirmisher |
| 12:30 | Queue | Villager (Male) |
| 12:41 | Build | Farm |
| 12:44 | Queue | Spearman |
| 12:55 | Queue | Skirmisher |
| 13:04 | Queue | Villager (Male) |
| 13:06 | Build | House |
| 13:23 | Queue | Villager (Male) |
| 13:26 | Build | Watch Tower |
| 13:30 | Build | House |
| 13:32 | Build | Palisade Wall |
| 13:35 | Build | Palisade Wall |
| 13:39 | Build | Farm |
| 13:47 | Queue | Skirmisher |
| 13:50 | Queue | Villager (Male) |
| 14:07 | Queue | Villager (Male) |
| 14:26 | Queue | Skirmisher |
| 14:27 | Queue | Villager (Male) |
| 14:30 | Build | Farm |
| 14:31 | Build | Farm |
| 14:32 | Build | Farm |
| 14:39 | Build | House |
| 14:44 | Queue | Villager (Male) |
| 14:51 | Build | House |
| 15:05 | Queue | Skirmisher |
| 15:16 | Build | Palisade Wall |
| 15:24 | Queue | Villager (Male) |
| 15:37 | Queue | Skirmisher |
| 15:43 | Build | Blacksmith |
| 15:45 | Build | Farm |
| 15:52 | Queue | Villager (Male) |
| 15:58 | Queue | Spearman |
| 16:07 | Build | Watch Tower |
| 16:15 | Build | House |
| 16:25 | Queue | Skirmisher |
| 16:25 | Queue | Villager (Male) |
| 16:42 | Build | House |
| 16:43 | Build | Farm |
| 16:43 | Build | Farm |
| 16:48 | Build | Palisade Wall |
| 16:48 | Build | Palisade Wall |
| 16:49 | Build | Palisade Wall |
| 16:49 | Build | Palisade Wall |
| 16:49 | Build | Palisade Wall |
| 16:49 | Build | Palisade Wall |
| 16:53 | Queue | Villager (Male) |
| 16:57 | Build | Farm |
| 17:12 | Research | Fletching |
| 17:24 | Build | Farm |
| 17:25 | Build | Farm |
| 17:26 | Build | Farm |
| 17:31 | Build | Farm |
| 17:32 | Queue | Villager (Male) |
| 17:59 | Queue | Villager (Male) |
| 18:01 | Queue | Skirmisher |
| 18:08 | Build | Palisade Wall |
| 18:11 | Build | Palisade Wall |
| 18:13 | Queue | Villager (Male) |
| 18:19 | Build | House |
| 18:33 | Queue | Villager (Male) |
| 18:40 | Build | Palisade Wall |
| 18:46 | Queue | Villager (Male) |
| 18:49 | Build | Palisade Gate |
| 19:04 | Build | Mining Camp |
| 19:22 | Build | Farm |
| 19:25 | Queue | Skirmisher |
| 19:37 | Build | Palisade Wall |
| 19:37 | Build | Palisade Wall |
| 19:37 | Build | Palisade Wall |
| 19:40 | Queue | Villager (Male) |
| 19:50 | Queue | Villager (Male) |
| 20:06 | Queue | Villager (Male) |
| 20:09 | Queue | Skirmisher |
| 20:09 | Queue | Skirmisher |
| 20:19 | Build | House |
| 20:21 | Queue | Villager (Male) |
| 20:36 | Build | House |
| 20:39 | Build | Watch Tower |
| 20:57 | Build | Watch Tower |
| 21:01 | Queue | Villager (Male) |
| 21:04 | Queue | Skirmisher |
| 21:04 | Queue | Skirmisher |
| 21:11 | Build | Market |
| 21:23 | Research | Horse Collar |
| 21:27 | Build | House |
| 21:28 | Build | Watch Tower |
| 21:41 | Build | Farm |
| 21:42 | Build | Farm |
| 21:43 | Queue | Villager (Male) |
| 22:02 | Build | Palisade Wall |
| 22:07 | Queue | Villager (Male) |
Match timeline
| 7:52 | 菜鸟杀手 · first_building Barracks |
| 8:25 | 菜鸟杀手 · age_up feudal |
| 8:45 | 菜鸟杀手 · wall_segment Palisade Wall x1 |
| 8:46 | 菜鸟杀手 · wall_segment Palisade Wall x1 |
| 8:47 | 菜鸟杀手 · wall_segment Palisade Wall x1 |
| 8:48 | 菜鸟杀手 · wall_segment Palisade Wall x1 |
| 8:54 | RiseoftheRuben · first_building Barracks |
| 8:54 | RiseoftheRuben · age_up feudal |
| 9:20 | 菜鸟杀手 · wall_segment Palisade Wall x1 |
| 9:20 | 菜鸟杀手 · wall_segment Palisade Wall x1 |
| 9:21 | 菜鸟杀手 · wall_segment Palisade Wall x1 |
| 9:26 | 菜鸟杀手 · wall_segment Palisade Wall x1 |
| 9:36 | RiseoftheRuben · wall_segment Palisade Wall x8 |
| 9:58 | 菜鸟杀手 · wall_segment Palisade Wall x1 |
| 10:00 | 菜鸟杀手 · wall_segment Palisade Wall x1 |
| 10:02 | 菜鸟杀手 · wall_segment Palisade Wall x1 |
| 10:26 | 菜鸟杀手 · first_building Archery Range |
| 11:00 | RiseoftheRuben · wall_segment Palisade Wall x1 |
| 11:05 | RiseoftheRuben · wall_segment Palisade Wall x1 |
| 11:07 | RiseoftheRuben · wall_segment Palisade Wall x1 |
| 11:07 | RiseoftheRuben · wall_segment Palisade Wall x1 |
| 11:12 | RiseoftheRuben · wall_segment Palisade Wall x1 |
| 12:51 | RiseoftheRuben · wall_segment Palisade Wall x9 |
| 13:32 | 菜鸟杀手 · wall_segment Palisade Wall x1 |
| 13:35 | 菜鸟杀手 · wall_segment Palisade Wall x1 |
| 15:16 | 菜鸟杀手 · wall_segment Palisade Wall x1 |
| 16:48 | 菜鸟杀手 · wall_segment Palisade Wall x2 |
| 16:48 | 菜鸟杀手 · wall_segment Palisade Wall x1 |
| 16:49 | 菜鸟杀手 · wall_segment Palisade Wall x1 |
| 16:49 | 菜鸟杀手 · wall_segment Palisade Wall x1 |
| 16:49 | 菜鸟杀手 · wall_segment Palisade Wall x1 |
| 16:49 | 菜鸟杀手 · wall_segment Palisade Wall x1 |
| 16:53 | RiseoftheRuben · wall_segment Palisade Wall x6 |
| 18:08 | 菜鸟杀手 · wall_segment Palisade Wall x1 |
| 18:11 | 菜鸟杀手 · wall_segment Palisade Wall x1 |
| 18:40 | 菜鸟杀手 · wall_segment Palisade Wall x1 |
| 18:40 | RiseoftheRuben · wall_segment Palisade Wall x1 |
| 19:37 | 菜鸟杀手 · wall_segment Palisade Wall x1 |
| 19:37 | 菜鸟杀手 · wall_segment Palisade Wall x1 |
| 19:37 | 菜鸟杀手 · wall_segment Palisade Wall x1 |
| 22:02 | 菜鸟杀手 · wall_segment Palisade Wall x1 |
| 22:09 | 菜鸟杀手 · first_market_buy 500 food |
| 22:10 | 菜鸟杀手 · first_market_sell 500 wood |
| 22:17 | 菜鸟杀手 · wall_segment Palisade Wall x1 |
| 22:17 | 菜鸟杀手 · wall_segment Palisade Wall x1 |
| 22:17 | 菜鸟杀手 · wall_segment Palisade Wall x1 |
| 22:34 | 菜鸟杀手 · wall_segment Palisade Wall x1 |
| 22:35 | 菜鸟杀手 · wall_segment Palisade Wall x1 |
| 22:35 | 菜鸟杀手 · wall_segment Palisade Wall x2 |
| 22:36 | 菜鸟杀手 · wall_segment Palisade Wall x1 |
| 22:57 | RiseoftheRuben · first_building Stable |
| 23:33 | RiseoftheRuben · resign |
[ AI ANALYSIS · 1 CREDIT ]
What really happened in this match?
Wolo.gg analyzes every decision: build order, eco, micro, common mistakes by bracket. Personalized analysis on WhatsApp or Discord in 30 seconds.
Civ guide
Cumans
Perfil
Jugador #1072539